 Dungeon Crawl Stone Soup version 0.18.1-8-gdd0e5ea (webtiles) character file.

69 tyrsky the Vexing (level 4, 0/21 HPs)
             Began as a Vine Stalker Arcane Marksman on June 6, 2016.
             Succumbed to a worker ant's poison
             ... on level 3 of the Dungeon.
             The game lasted 00:05:53 (1266 turns).

tyrsky the Vexing (Vine Stalker Arcane Marksman)    Turns: 1266, Time: 00:05:54

Health: 0/21       AC:  3    Str: 14    XL:     4   Next: 20%
Magic:  0/9        EV: 12    Int: 13    God:
Gold:   64         SH:  0    Dex: 14    Spells: 1 memorised, 7 levels left

rFire  . . .     SeeInvis .     (no weapon)
rCold  . . .     Gourm    .     a - +0 robe
rNeg   . . .     Faith    .     (no shield)
rPois  .         Spirit   +     (no helmet)
rElec  .         Dismiss  .     n - +0 cloak
rCorr  +         Reflect  .     (no gloves)
SustAt .         Harm     .     (no boots)
MR     .....                    (no amulet)
Stlth  +.........               (no ring)
                                e - ring of resist corrosion

@: lethally poisoned (0 -> -20), not resistant to hostile enchantments, very
unstealthy
A: fangs 2, regeneration 1, magic shield, antimagic bite, no device heal 3, rot
immunity
a: no special abilities


You were on level 3 of the Dungeon.
You were not hungry.

You visited 1 branch of the dungeon, and saw 3 of its levels.

You collected 64 gold pieces.

Inventory:

Armour
 a - a +0 robe (worn)
 n - a +0 cloak (worn)
Jewellery
 e - a ring of resist corrosion (left hand)
 i - an uncursed amulet of rage {unknown}
Scrolls
 d - a scroll of fear {unknown}
 m - a scroll of teleportation
 o - a scroll of blinking {unknown}
Potions
 c - a potion of cure mutation {unknown}
 g - 2 potions of invisibility {unknown}
 h - a potion of flight {unknown}
 l - a potion of cancellation {unknown}
Books
 b - a book of Debilitation

   Spells                             Type                      Level
   a - Corona                         Hexes                        1
   b - Slow                           Hexes                        2
   c - Gell's Gravitas                Hexes/Translocation          3
   d - Inner Flame                    Hexes/Fire                   3
   e - Cause Fear                     Hexes                        4
   f - Leda's Liquefaction            Hexes/Earth                  4
Comestibles
 f - 2 bread rations
 j - a beef jerky
 k - a meat ration


   Skills:
 - Level 0.8 Fighting
 + Level 2.4 Throwing
 - Level 1.5 Dodging
 + Level 0.6 Unarmed Combat
 * Level 2.7 Spellcasting
 + Level 3.5 Hexes


You had 7 spell levels left.
You knew the following spells:

 Your Spells              Type           Power        Failure   Level  Hunger
a - Corona                Hex            ##.....      8%          1    #......


Dungeon Overview and Level Annotations

Branches:
Dungeon (3/15)

Altars:

Annotations:
D:2 Sigmund
D:3 Scarto's ghost, amateur DsFi


Innate Abilities, Weirdness & Mutations

You have extremely sharp teeth.
Your natural rate of healing is unusually fast.
When hurt, damage is shared between your health and your magic reserves.
Your bite disrupts and absorbs the magic of your enemies.
Potions and wands cannot restore your health.
You are immune to rotting.


Message History

You feel sick. The worker ant barely misses you.
You hit the worker ant but do no damage.
Your bite misses the worker ant.
The worker ant is moderately wounded.
You feel sick. The worker ant closely misses you.
You hit the worker ant but do no damage.
The worker ant is moderately wounded.
You feel sick. The worker ant bites you. x2
* * * LOW HITPOINT WARNING * * *
You are lethally poisoned!
The worker ant poisons you!
You hit the worker ant.
You bite the worker ant, but do no damage.
The worker ant is moderately wounded.
* * * LOW HITPOINT WARNING * * *
You feel sick. The worker ant bites you.
* * * LOW HITPOINT WARNING * * *
You are more poisoned.
The worker ant poisons you!
You die...

#.#...##....#...# #
..#..#..####...# #.
#........####.##
#..##..###.<.##...##
#.##..##..........###
..##.....#.............#
#......................#
#.#####[...............##
##f................
#.#.#...##...####.
#a..#######(..# ##
##....# #.#%# ....# #)#..
....# #.##.# ....# #.# .#
!...# ##### .


You could see a worker ant.

Vanquished Creatures
  2 adders
  An ooze (D:1)
  A worm (D:2)
  A dart slug (D:1)
  A giant gecko (D:1)
  4 giant cockroaches
  4 goblins
  3 hobgoblins
  2 jackals (D:2)
  4 kobolds
  A quokka (D:3)
  A ball python (D:1)
  4 bats (D:2)
  5 giant newts
  6 rats
40 creatures vanquished.

Notes
Turn   | Place    | Note
--------------------------------------------------------------
     0 | D:1      | tyrsky the Vine Stalker Arcane Marksman began the quest for the Orb.
     0 | D:1      | Reached XP level 1. HP: 9/9 MP: 3/3
    87 | D:1      | Reached XP level 2. HP: 14/14 MP: 5/5
   566 | D:2      | Reached XP level 3. HP: 17/17 MP: 7/7
   708 | D:2      | Noticed Sigmund
   740 | D:3      | Noticed Scarto's ghost (amateur DsFi)
  1030 | D:3      | Reached XP level 4. HP: 19/21 MP: 6/8
  1266 | D:3      | Succumbed to a worker ant's poison

Skill      XL: |  1  2 |
---------------+-------+-----
Throwing       | 2 |  2.4
Spellcasting   | 2 |  2.7
Fighting       | |  0.8
Dodging        | |  1.5
Unarmed Combat | |  0.6
Hexes          | |  3.5

Action                   |  1- 3 |  4- 6 || total
-------------------------+-------+-------++-------
Melee: Unarmed           |   106 |    31 ||   137
       Bite              |    34 |    10 ||    44
Throw: Javelin           |    39 |       ||    39
       Throwing net      |     7 |       ||     7
 Cast: Corona            |       |     3 ||     3
  Use: Scroll            |     4 |       ||     4
 Stab: Held in net/web   |     1 |       ||     1
  Eat: Chunk             |       |     1 ||     1
Armor: Robe              |    57 |    18 ||    75
Dodge: Dodged            |   141 |    48 ||   189
